 Dungeon Crawl Stone Soup version 0.28-a0-730-g892d06dc2c (webtiles) character file.

Game seed: 4232912132800459072

105 ytrimaz the Conjurer (level 4, -2/28 HPs)
             Began as an Octopode Conjurer on Oct 28, 2021.
             Slain by an orc (6 damage)
             ... on level 3 of the Dungeon.
             The game lasted 00:02:02 (2440 turns).

ytrimaz the Conjurer (Octopode Conjurer)            Turns: 2440, Time: 00:02:02

Health: -2/28      AC:  1    Str:  6    XL:     4   Next: 81%
Magic:  1/7        EV: 13    Int: 21    God:
Gold:   147        SH:  0    Dex: 10    Spells: 5/8 levels left

rFire   . . .      SeeInvis .   (no weapon)
rCold   . . .      Faith    .   (no shield)
rNeg    . . .      Spirit   .   (helmet restricted)
rPois   .          Reflect  .   (no amulet)
rElec   .          Harm     .   (no ring)
rCorr   .          Rampage  .   (no ring)
Will    .....                   (no ring)
Stlth   +++.......              (no ring)
HPRegen 0.09/turn               (no ring)
MPRegen 0.10/turn               (no ring)
                                (no ring)
                                (no ring)

@: wereblooded (expiring)
A: almost no armour, amphibious, 8 rings, camouflage 1, gelatinous body 1,
(nimble swimmer 1), tentacles
a: no special abilities


You were on level 3 of the Dungeon.
You visited 1 branch of the dungeon, and saw 3 of its levels.

You collected 147 gold pieces.

Inventory:

Scrolls
 a - a scroll of enchant weapon {unknown}
 b - a scroll of fear {unknown}
 e - a scroll of enchant armour {unknown}
Potions
 d - a potion of ambrosia {unknown}


   Skills:
 * Level 1.4 Fighting
 - Level 2.0 Dodging
 - Level 2.6 Stealth
 + Level 2.5 Spellcasting
 + Level 5.2 Conjurations
 * Level 1.0 Transmutations


You had 5 spell levels left.
You knew the following spells:

 Your Spells              Type           Power      Damage    Failure   Level
a - Magic Dart            Conj           96%        1d7       1%          1
b - Wereblood             Tmut           7%         N/A       14%         2

Your spell library contained the following spells:

 Spells                   Type           Power      Damage    Failure   Level
 Searing Ray              Conj           48%        2d6       2%          2
 Dazzling Flash           Conj/Hex       26%        N/A       14%         3
 Sublimation of Blood     Necr           1%         N/A       22%         2
 Fulminant Prism          Conj/Hex       6%         3d7       43%         4
 Iskenderun's Mystic Bla  Conj/Tloc      13%        2d5       43%         4
 Summon Hydra             Summ           1%         N/A       100%        7


Dungeon Overview and Level Annotations

Branches:
Dungeon (3/15)

Altars:
Gozag


Innate Abilities, Weirdness & Mutations

You cannot wear most types of armour.
You are amphibious.
You can wear up to eight rings at the same time.
Your skin changes colour to match your surroundings (Stealth+).
Your rubbery body absorbs attacks. (AC +1, EV +1)
((You are camouflaged near water. (Stealth+)))
You have tentacles for arms and can constrict up to eight enemies at once.


Message History

The orc closely misses you.
You completely miss the orc.
The orc is heavily wounded.
You constrict the orc, but do no damage.
A goblin comes into view.
It is wielding a +5 dagger of protection.
The orc misses you.
You tentacle-slap the orc.
The orc is almost dead.
You constrict the orc, but do no damage.
Something hits you.
The goblin unwields a +5 dagger of protection.
The goblin wields a +0 hunting sling.
The goblin shoots a stone.
The stone barely misses you. The orc hits you with a +0 hand axe.
You tentacle-slap the orc but do no damage.
The orc is almost dead.
You constrict the orc, but do no damage.
Something hits you but does no damage. The orc hits you with a +0 hand axe.
The goblin shoots a stone.
The stone barely misses you.
Unknown command.
It was a potion of curing.
You feel better.
You constrict the orc, but do no damage.
An adder comes into view.
A jackal comes into view.
Something hits you. The orc hits you with a +0 hand axe.
The goblin shoots a stone.
The stone hits you but does no damage.
You tentacle-slap the orc.
You feel a bit better.
You kill the orc!
Your primal bloodlust is almost over.
You hear some strange, mumbled words.
A magic dart appears from out of thin air!
The magic dart hits you. The dart slug launches a dart at you.
The slug dart hits you.
You miss something. Something barely misses you.
The orc priest mumbles some strange prayers to Beogh against you.
Pain shoots through your body!
* * * LOW HITPOINT WARNING * * *
You tentacle-slap something. Something hits you.
* * * LOW HITPOINT WARNING * * *
The orc hits you from afar with a +0 trident.
You die...

#.#.....≈..≈≈..≈...
#.#.....≈....≈≈....
#......≈≈........
#.......≈≈.......
#....###≈≈≈≈≈≈##
#.....###≈≈≈≈##
#..##.wo#############
#..##{o..............
#..##@#######..######
#..##S# ##†# #..##.#
.# #..##h# .. #####.#
... .g# .... ...
.w... ... .o.... #+
....


You could see an orc priest, an adder, a dart slug, an orc, a jackal and a
goblin.

Vanquished Creatures
  An orc wizard (D:3)
  4 adders (D:3)
  A worm (D:2)
  A dart slug (D:3)
  An orc (D:3)
  An endoplasm (D:1)
  A giant cockroach (D:3)
  3 goblins
  3 hobgoblins
  3 jackals (D:3)
  9 kobolds
  A quokka (D:3)
  4 ball pythons
  6 bats
  2 frilled lizards
  A rat (D:2)
42 creatures vanquished.

Notes
Turn   | Place    | Note
-------+----------+-------------------------------------------
     0 | D:1      | ytrimaz the Octopode Conjurer began the quest for the Orb.
     0 | D:1      | Reached XP level 1. HP: 11/11 MP: 3/3
   228 | D:1      | Reached XP level 2. HP: 17/17 MP: 3/5
   468 | D:1      | You fall into a shaft and drop 1 floor!
   468 | D:2      | Found a faded altar of an unknown god.
  1379 | D:2      | Reached XP level 3. HP: 22/22 MP: 1/6
  1548 | D:2      | Found an opulent altar of Gozag.
  1622 | D:2      | Learned a level 2 spell: Wereblood
  1877 | D:3      | Reached skill level 1 in Fighting
  1960 | D:3      | Reached skill level 5 in Conjurations
  1960 | D:3      | Reached XP level 4. HP: 28/28 MP: 4/7
  2428 | D:3      | Reached skill level 1 in Transmutations
  2440 | D:3      | Slain by an orc

Illustrated notes

Levels and vault maps discovered:
D:1:      lightli_arrival_farm, layout_rooms, chequers_serial_rivers_micro_e,
          minmay_misc_feat_cross
D:2:      layout_loops_cross, basic_ecumenical_altar, basic_altar
D:3:      cheibrodos_helix_gallery, layout_basic, minivault_11, st_stairs_12,
          lightli_corner_chamber

Skill      XL: |  1  2  3  4 |
---------------+-------------+-----
Fighting       | 1 |  1.4
Conjurations   | 5 |  5.2
Transmutations | 1 |  1.0
Dodging        | |  2.0
Stealth        | |  2.6
Spellcasting   | |  2.5

Action                   |  1- 3 |  4- 6 || total
-------------------------+-------+-------++-------
Melee: Unarmed           |     6 |    27 ||    33
       Constrict         |     1 |     5 ||     6
 Cast: Magic Dart        |    59 |    29 ||    88
       Wereblood         |       |     1 ||     1
  Use: Scroll            |     2 |       ||     2
       Potion            |       |     1 ||     1
Armor: Skin              |       |     3 ||     3
Dodge: Dodged            |     5 |    33 ||    38

Table legend: (Time is in decaauts)
 A = Elapsed time spent in this place.
 B = Non-inter-level travel time spent in this place.
 C = Inter-level travel time spent in this place.
 D = Time resting spent in this place.
 E = Time spent auto-exploring this place.
 F = Levels seen in this place.
 G = Mean time per level.
                   A        B        C        D        E       F      G
               +--------+--------+--------+--------+--------+-----+--------+
         Total |   2442 |   2391 |     51 |    279 |   1832 |   3 |  814.0 |
       Dungeon |   2442 |   2391 |     51 |    279 |   1832 |   3 |  814.0 |
               +--------+--------+--------+--------+--------+-----+--------+

Top non-repeatable levels by time:
     D:1: 977 daAuts
     D:2: 974 daAuts
     D:3: 491 daAuts
